Cogmind - Beta 13 @@@ ROGUE MODE // 2024.03.31 @ 20:15:42 Player: Yovador Result: Destroyed self with Rocket Launcher Performance ------------- Evolutions (2) 1000 Regions Visited (5) 1000 Robots Destroyed (58) 290 Value Destroyed (1423) 1423 Prototype IDs (3) 60 Alien Tech Used (0) 0 Bonus (300) 300 TOTAL SCORE: 4073 Bonus ------- Aligned with FarCom 300 Cogmind --------- Core Integrity 0/550 Matter 89/300 Energy 88/100 System Corruption 0% Temperature Warning (357) Movement Core (450) Ox8 Location -8/Materials Parts ------- > --- POWER (1) -------- (None) > --- PROPULSION (3) --- (None) > --- UTILITY (4) ------ Large Storage Unit Visual Processing Unit > --- WEAPON (3) ------- Heavy Particle Gun Rocket Launcher > --- INVENTORY (15) --- Light Ion Engine Light Treads Light Treads Light Treads Aluminum Leg Aluminum Leg Medium Matter Pod (0) Improved Terrain Scanner Target Analyzer EM Pulse Gun Assault Rifle Light Assault Rifle Light Cannon Mining Claw Peak State ------------ > --- POWER ------------ Light Nuclear Core > --- PROPULSION ------- Light Treads Light Treads Advanced Treads > --- UTILITY ---------- Large Storage Unit Improved Terrain Scanner Shield Generator Shield Generator > --- WEAPON ----------- Pulse Rifle Heavy Particle Gun Minigun > --- INVENTORY -------- Light Ion Engine Light Treads Light Treads Light Treads Aluminum Leg Aluminum Leg Medium Matter Pod EM Pulse Gun Assault Rifle Light Cannon Improved Light Cannon Improved Light Cannon Grenade Launcher Rocket Launcher Mining Claw [Rating: 27] Favorites ----------- Power Ion Engine Engine Ion Engine Power Core Light Nuclear Core Propulsion Light Treads Treads Light Treads Leg Aluminum Leg Utility Large Storage Unit Device Shield Generator Storage Large Storage Unit Processor Salvage Targeting Computer Protection Improved Weapon Shielding Weapon Improved Light Cannon Energy Gun EM Pulse Gun Ballistic Gun Minigun Ballistic Cannon Improved Light Cannon Launcher Rocket Launcher Slashing Weapon Mining Claw Build | -11 -10 -10 -10 -9 -8 ------- Run | Yrd Mat Min Exi Min Mat Slots Evolved 4 | . . . . . 4 Power . | . . . . . . Propulsion 1 | . . . . . 1 Utility 2 | . . . . . 2 Weapon 1 | . . . . . 1 Parts Attached 61 | 7 15 5 . 5 29 Power 7 | 1 1 1 . 1 3 Engine 6 | 1 1 1 . 1 2 Core 1 | . . . . . 1 Reactor . | . . . . . . Propulsion 10 | 2 2 1 . 2 3 Treads 9 | 2 2 . . 2 3 Leg 1 | . . 1 . . . Wheel . | . . . . . . Hover . | . . . . . . Flight . | . . . . . . Utility 12 | 2 3 . . . 7 Device 3 | . 1 . . . 2 Storage 4 | 2 1 . . . 1 Processor 3 | . 1 . . . 2 Hackware . | . . . . . . Protection 2 | . . . . . 2 Artifact . | . . . . . . Weapon 32 | 2 9 3 . 2 16 Energy Gun 6 | 2 . . . 1 3 Energy Cannon . | . . . . . . Ballistic Gun 3 | . . . . . 3 Ballistic Cannon 12 | . 7 1 . . 4 Launcher 10 | . 2 2 . 1 5 Special Weapon . | . . . . . . Impact Weapon . | . . . . . . Slashing Weapon 1 | . . . . . 1 Piercing Weapon . | . . . . . . Special Melee Weapon . | . . . . . . Unidentified Prototypes 1 | . . . . . 1 Parts Lost 18 | . 1 2 . 1 14 Power 5 | . . 1 . 1 3 Propulsion 4 | . . 1 . . 3 Utility 4 | . . . . . 4 Weapon 5 | . 1 . . . 4 Highest Loss Streak 9 | . 1 1 . 1 9 To Critical Strikes . | . . . . . . Average Slot Usage (%) 99 | . 99 98 100 99 97 Engine 12 | . 14 14 14 13 4 Treads 20 | . 27 15 14 27 26 Leg 6 | . . 10 14 . . Device 13 | . 9 14 14 14 21 Storage 13 | . 14 14 14 14 10 Processor 1 | . 3 . . . 2 Energy Gun 3 | . 3 . . 13 11 Ballistic Gun 1 | . . . . . 10 Ballistic Cannon 16 | . 23 23 14 1 1 Launcher 6 | . . 4 14 12 3 Naked Turns . | . . . . . . Heaviest Build 39 | 16 35 35 35 35 39 Greatest Support 64 | 40 40 40 20 40 64 Greatest Overweight (x) 10 | . . 1 1 1 10 Average Overweight (x) . | . . . 1 . . Largest Inventory Capacity 15 | 8 15 15 15 15 15 Average Capacity 14 | 7 14 15 15 15 15 Most Carried 15 | 7 15 14 13 15 15 Average Carried 12 | 4 12 12 13 14 12 Final Capacity 15 | 8 15 15 15 15 15 Final Carried 14 | 6 14 13 13 14 14 Class Distribution -------------------- 89% | Mutant 7% | Skirmisher Dominant Class ---------------- Mutant | -10/Materials Mutant | -10/Mines Mutant | -10/Exiles Mutant | -9/Mines Skirmisher | -8/Materials Resources | -11 -10 -10 -10 -9 -8 ----------- Run | Yrd Mat Min Exi Min Mat Matter Collected 1290 | 216 275 421 . 79 299 Remotely . | . . . . . . Salvage Created 1545 | 24 544 87 . 109 781 Parts 113 | 3 48 8 . 11 43 Haulers Intercepted . | . . . . . . Recyclers Shooed 4 | . 2 . . . 2 Parts Field Recycled . | . . . . . . Retrieved Matter . | . . . . . . Parts Self-Destructed . | . . . . . . Prevented . | . . . . . . Kills | -11 -10 -10 -10 -9 -8 ------- Run | Yrd Mat Min Exi Min Mat Combat Hostiles Destroyed 59 | . 16 21 . 4 18 Guns 11 | . . . . . 11 Cannons 23 | . 15 7 . 1 . AOE 25 | . 1 14 . 3 7 Classes Destroyed 13 | 1 6 2 . 1 3 Worker 3 | 2 . . . . 1 Builder 5 | . 1 3 . 1 . Recycler 4 | . 1 . . . 3 Mechanic 1 | . . . . . 1 Operator 1 | . 1 . . . . Watcher 3 | . 2 . . . 1 Swarmer 15 | . 6 1 . . 8 Grunt 18 | . 10 . . 3 5 Brawler 1 | . . . . 1 . Sentry 4 | . . . . . 4 Demolisher 2 | . . 2 . . . Hunter 1 | . . . . . 1 Assembled 18 | . . 18 . . . Best Kill Streak 21 | 2 7 21 . 3 5 Combat Bots Only 20 | . 6 20 . 3 4 Max Kills in Single Turn 5 | 2 2 5 . 2 3 Gunslinging . | . . . . . . Exploded 4 | . 1 4 . 1 3 Melee . | . . . . . . Uniques/NPCs Destroyed . | . . . . . . Combat | -11 -10 -10 -10 -9 -8 -------- Run | Yrd Mat Min Exi Min Mat Hostile Shots Fired 301 | . 54 40 . 8 199 Missed 68 | . 12 14 . . 42 Damage Taken 3104 | . 492 420 . 88 2104 Core 742 | . 61 108 . 7 566 Absorbed by Shields 288 | . 33 111 . 32 112 Redirected to Shielding 91 | . . . . . 91 Regen/Repaired (Parts) 212 | . 212 . . . . Core Remaining (%) 64 | 100 . . . 29 . Volleys Fired 120 | 1 46 21 . 7 45 Largest 3 | 2 2 2 . 2 3 Hottest 157 | 80 80 78 . 79 157 Shots Fired 262 | 2 90 37 . 14 119 Gun 120 | 2 12 . . 4 102 Cannon 111 | . 73 26 . 5 7 Launcher 31 | . 5 11 . 5 10 Special . | . . . . . . Kinetic 155 | . 73 26 . 5 51 Thermal 46 | . . . . . 46 Explosive 31 | . 5 11 . 5 10 Electromagnetic 30 | 2 12 . . 4 12 Robot Hit Streak 11 | 1 7 4 . 3 11 Robot Miss Streak 6 | 1 4 3 . 1 6 Penetration Max . | . . . . . . Secondary Targets 2 | . . . . . 2 Max Gunslinging Chain 1 | . . . . . 1 Shots Hit Robots 120 | 1 40 17 . 6 56 Core Hits 137 | 2 27 55 . 9 44 Critical Kills . | . . . . . . Critical Parts Destroyed . | . . . . . . Critical Strikes 9 | . 4 1 . 1 3 Burn 2 | . . . . . 2 Blast 6 | . 4 1 . 1 . Corrupt 1 | . . . . . 1 Melee Attacks 2 | . . . . . 2 Impact . | . . . . . . Slashing 2 | . . . . . 2 Piercing . | . . . . . . Sneak Attacks . | . . . . . . Combat Hostiles . | . . . . . . Follow-up Attacks . | . . . . . . Damage Inflicted 4312 | 77 893 1206 . 401 1735 Guns 1025 | 28 107 . . 13 877 Cannons 1104 | . 651 348 . 44 61 Explosions 2159 | 49 123 858 . 332 797 Melee . | . . . . . . Ramming 24 | . 12 . . 12 . Kinetic 1396 | . 651 348 . 44 353 Thermal 661 | 49 92 . . . 520 Explosive 1979 | . 31 858 . 332 758 Electromagnetic 252 | 28 107 . . 13 104 Impact . | . . . . . . Slashing . | . . . . . . Piercing . | . . . . . . Highest Corruption . | . . . . . . Average Corruption . | . . . . . . Corruption Purged . | . . . . . . Corruption Blocked . | . . . . . . Overload Shots . | . . . . . . Overflow Damage 41 | . 11 8 . 3 19 Projectiles 13 | . . 8 . . 5 Explosions 28 | . 11 . . 3 14 Melee . | . . . . . . Knockbacks 8 | . 3 4 . 1 . Impact . | . . . . . . Kinetic 8 | . 3 4 . 1 . Secondary . | . . . . . . Self-Inflicted Damage 208 | . 43 61 . 30 74 Shots 8 | . 1 2 . 2 3 Rammed 7 | . 4 . . 3 . Targets Rammed 7 | . 4 . . 3 . Kicked . | . . . . . . Crushed . | . . . . . . Highest Temperature 670 | 18 175 91 . 44 670 Average Temperature 103 | 12 39 47 . 17 193 Received Heat Transfer 523 | . 151 14 . 32 326 Effects 17 | . . . . . 17 Shutdowns 1 | . . . . . 1 Energy Bleed 2 | . . . . . 2 Interference 5 | . . . . . 5 Matter Decay 2 | . . . . . 2 Short Circuit 2 | . . . . . 2 Damage (minor) 2 | . . . . . 2 Damage (core) 3 | . . . . . 3 Siege Activations . | . . . . . . Robots Corrupted . | . . . . . . Combat Hostiles . | . . . . . . Parts Fried . | . . . . . . Impact Corruptions . | . . . . . . Robots Melted . | . . . . . . Combat Hostiles . | . . . . . . Parts Melted 2 | . . . . . 2 Heat Transferred 1447 | 50 150 . . . 1247 Parts Sabotaged . | . . . . . . Parts Stolen . | . . . . . . Parts Stripped . | . . . . . . Power Chain Reactions 4 | 1 2 . . . 1 Alert | -11 -10 -10 -10 -9 -8 ------- Run | Yrd Mat Min Exi Min Mat Peak Influence 362 | 10 330 87 . 107 362 Initial 16 | . 6 11 . . 16 Average 76 | 1 76 30 . 87 169 Maximum Alert Level 1 | . 1 . . . 1 Low Security (%) 90 | 100 91 100 . 100 63 Level 1 9 | . 8 . . . 36 Level 2 . | . . . . . . Level 3 . | . . . . . . Level 4 . | . . . . . . Level 5 . | . . . . . . High Security . | . . . . . . Max Security . | . . . . . . Squads Dispatched 11 | . 4 . . 1 6 Investigation 2 | . 2 . . . . Extermination . | . . . . . . Reinforcement 7 | . 2 . . 1 4 Assault . | . . . . . . Garrison 2 | . . . . . 2 Intercept . | . . . . . . Searches Triggered . | . . . . . . Construction Impeded 2 | . . . . 1 1 Haulers Reinforced . | . . . . . . Active Scanning Responses . | . . . . . . Cargo Convoy Interrupts . | . . . . . . Stealth | -11 -10 -10 -10 -9 -8 --------- Run | Yrd Mat Min Exi Min Mat Distress Signals 4 | . 2 . . . 2 Communications Jammed . | . . . . . . Distress Signals . | . . . . . . Times Spotted 75 | . 24 21 . 3 27 Peak Tracking Total 17 | . 5 17 . 2 7 Tactical Retreats 3 | . 1 . . . 2 Traps | -11 -10 -10 -10 -9 -8 ------- Run | Yrd Mat Min Exi Min Mat Traps Triggered 2 | . 2 . . . . Indirectly . | . . . . . . Trap Hack Attempts . | . . . . . . Triggered . | . . . . . . Disarmed . | . . . . . . Reprogrammed . | . . . . . . Reused . | . . . . . . Traps Extracted . | . . . . . . Installed . | . . . . . . Triggered . | . . . . . . Machines | -11 -10 -10 -10 -9 -8 ---------- Run | Yrd Mat Min Exi Min Mat Machines Disabled 8 | . 7 . . . 1 Max in Single Turn 2 | . 2 . . . 1 Machines Repaired . | . . . . . . Machines Dismantled . | . . . . . . Machines Sabotaged . | . . . . . . Overloaded Fab Kills . | . . . . . . Hacking | -11 -10 -10 -10 -9 -8 --------- Run | Yrd Mat Min Exi Min Mat Machines Accessed 11 | . 7 . 1 . 3 Terminals 6 | . 4 . . . 2 Fabricators . | . . . . . . Repair Stations 1 | . 1 . . . . Recycling Units 3 | . 2 . . . 1 Scanalyzers . | . . . . . . Garrison Access . | . . . . . . Total Hacks 37 | . 27 . 3 . 7 Successful 24 | . 17 . 3 . 4 Failed 13 | . 10 . . . 3 Catastrophic 1 | . 1 . . . . Database Lockouts . | . . . . . . Manual . | . . . . . . Terminals 21 | . 15 . . . 6 Fabricators . | . . . . . . Repair Stations 6 | . 6 . . . . Recycling Units 7 | . 6 . . . 1 Scanalyzers . | . . . . . . Garrison Access . | . . . . . . Terminal Hacks 14 | . 8 . 3 . 3 Record 3 | . . . 3 . . Prototype ID Bank 1 | . 1 . . . . Emergency Access Points 1 | . . . . . 1 Alert Level 4 | . 3 . . . 1 Unreport Threat 1 | . 1 . . . . Dispatch Records 1 | . . . . . 1 Zone Layout 3 | . 3 . . . . Fabricator Hacks . | . . . . . . Repair Station Hacks 4 | . 4 . . . . Scan Component 2 | . 2 . . . . Repair 2 | . 2 . . . . Recycling Unit Hacks 6 | . 5 . . . 1 Process 1 | . 1 . . . . Report Inventory 3 | . 2 . . . 1 Retrieve Matter 1 | . 1 . . . . Retrieve Components 1 | . 1 . . . . Scanalyzer . | . . . . . . Garrison Access Hacks . | . . . . . . Unauthorized Hacks . | . . . . . . Terminals . | . . . . . . Fabricators . | . . . . . . Repair Stations . | . . . . . . Recycling Units . | . . . . . . Scanalyzers . | . . . . . . Garrison Access . | . . . . . . Data Cores Recovered 1 | . 1 . . . . Used . | . . . . . . Hacking Detections 8 | . 6 . . . 2 Full Trace Events 5 | . 5 . . . . Feedback Events . | . . . . . . Feedback Blocked . | . . . . . . Robot Schematics Acquired . | . . . . . . Robots Built . | . . . . . . Authchips . | . . . . . . Time . | . . . . . . Total Robot Build Rating . | . . . . . . Part Schematics Acquired . | . . . . . . Parts Built . | . . . . . . Authchips . | . . . . . . Time . | . . . . . . Total Part Build Rating . | . . . . . . Parts Repaired 2 | . 2 . . . . Time 58 | . 58 . . . . Parts Recycled . | . . . . . . Recycled Matter 153 | . 153 . . . . Retrieved Matter 153 | . 153 . . . . Retrieved Components 3 | . 3 . . . . Parts Scanalyzed . | . . . . . . Part Schematics Acquired . | . . . . . . Parts Damaged . | . . . . . . Bothacking | -11 -10 -10 -10 -9 -8 ------------ Run | Yrd Mat Min Exi Min Mat Used RIF Installer . | . . . . . . Robots Hacked . | . . . . . . Non-combat . | . . . . . . Combat . | . . . . . . Robot Hacks Applied . | . . . . . . Relay Couplers Released . | . . . . . . Fabnet Peak Effective % . | . . . . . . Robots Rewired . | . . . . . . Allies Hacked . | . . . . . . Hacks Repelled . | . . . . . . Allies | -11 -10 -10 -10 -9 -8 -------- Run | Yrd Mat Min Exi Min Mat Total Allies . | . . . . . . Largest Group . | . . . . . . Highest-Rated Group . | . . . . . . Highest-Rated Ally . | . . . . . . Total Orders . | . . . . . . Ally Attacks . | . . . . . . Total Damage . | . . . . . . Kills . | . . . . . . Allies Corrupted . | . . . . . . Allies Melted . | . . . . . . Intel | -11 -10 -10 -10 -9 -8 ------- Run | Yrd Mat Min Exi Min Mat Robot Analysis Total . | . . . . . . Derelict Logs Recovered 3 | . . 2 . 1 . Drone Launches . | . . . . . . Drone Recoveries . | . . . . . . Exploration | -11 -10 -10 -10 -9 -8 ------------- Run | Yrd Mat Min Exi Min Mat Turns Passed 5403 | 133 1493 1152 1479 518 628 Spaces Moved 2496 | 80 769 471 617 301 258 Core 20 | 18 . . . . 2 Treads 2476 | 62 769 471 617 301 256 Legs . | . . . . . . Wheels . | . . . . . . Hover . | . . . . . . Flight . | . . . . . . Fastest Speed 50 | 50 160 160 240 160 150 Average Speed 192 | 135 160 231 240 160 160 Slowest Speed 550 | 160 160 240 240 240 550 Overloaded Moves . | . . . . . . Propulsion Burnouts . | . . . . . . Robots Hopped . | . . . . . . Cave-ins Triggered . | . . . . . . Exploration Rate (%) 60 | 5 86 87 92 68 24 Regions Visited 5 Branch Regions 3 Pre-discovered Areas 2 | . . 2 . . . Known Exits Taken . | . . . . . . Unknown Exits Taken 5 | 1 1 1 1 1 . Scrap Searched 1 | . . . . 1 . Spaces Dug 16 | . 6 . . 8 2 Terrain Destroyed 168 | 2 23 24 . 42 77 Melee 2 | . . . . . 2 Projectile 7 | . 4 2 . . 1 AOE 159 | 2 19 22 . 42 74 Terrain Rammed . | . . . . . . Walls Destroyed . | . . . . . . Machines Disabled . | . . . . . . Actions | -11 -10 -10 -10 -9 -8 --------- Run | Yrd Mat Min Exi Min Mat Total 2847 | 103 938 497 616 317 376 Wait 101 | 3 80 . . . 18 Move 2491 | 79 768 470 616 300 258 Hop . | . . . . . . Pick Up 53 | 13 19 1 . 2 18 Fast Attach . | . . . . . . Attach 27 | 7 4 2 . 1 13 Detach . | . . . . . . Swap 34 | . 11 3 . 4 16 Drop 12 | . 6 . . . 6 Fire 120 | 1 46 21 . 7 45 Melee 2 | . . . . . 2 Ram . | . . . . . . Kick . | . . . . . . Crush 7 | . 4 . . 3 . Escape Stasis . | . . . . . . Rewire . | . . . . . . Trap . | . . . . . . Miscellaneous . | . . . . . . Route ------- -11/Scrapyard -10/Materials (discovered 4 exits: [*Mat x3] / [*Min]) -10/Mines (discovered 3 exits: [*Mat] / *Exi / [*Sub]) -10/Exiles (discovered 2 exits: [*Min x2]) -9/Mines (discovered 2 exits: *Mat x2) -8/Materials History --------- Turn | Location | Event 17 | -11/Scrapyard | Discovered new exit (range 14) 134 | -11/Scrapyard | Entered Materials 310 | -10/Materials | Build established: Mutant 633 | -10/Materials | Discovered new exit (range 8) 775 | -10/Materials | Discovered new exit (range 16) 1082 | -10/Materials | Repaired Imp. Light Cannon 1114 | -10/Materials | Repaired Lgt. Treads 1124 | -10/Materials | Discovered new exit (range 3) 1198 | -10/Materials | Discovered new exit (range 16) 1627 | -10/Materials | Entered Mines 1663 | -10/Mines | Learned location of Zion (-7) 1702 | -10/Mines | Assembled infested the area 1718 | -10/Mines | Core integrity fell below 50% 1767 | -10/Mines | Destroyed 20 combat bots 1917 | -10/Mines | Learned location of Storage (-8) 1971 | -10/Mines | Learned 2 Materials zone layouts 2124 | -10/Mines | Discovered new exit (range 6) 2230 | -10/Mines | Discovered new exit (range 6) 2537 | -10/Mines | Received a Rocket Launcher from a helpful Derelict 2765 | -10/Mines | Deemed a non-threat by the Exiles lab entrance 2765 | -10/Mines | Discovered new exit (range 5) 2779 | -10/Mines | Entered Exiles 2820 | -10/Exiles | Discovered new exit (range 15) 2883 | -10/Exiles | Met 8R-AWN 2921 | -10/Exiles | Met EX-HEX 3003 | -10/Exiles | Met EX-BIN 3029 | -10/Exiles | Aligned with FarCom system 3031 | -10/Exiles | Given EX-Vault access code 3211 | -10/Exiles | Met EX-DEC 3391 | -10/Exiles | Discovered new exit (range 10) 3560 | -10/Exiles | Visited The Gauntlet 4258 | -10/Exiles | Entered Mines 4353 | -9/Mines | Found a hidden stash of uninstalled traps 4481 | -9/Mines | Discovered new exit (range 7) 4535 | -9/Mines | Learned Materials emergency access door positions 4551 | -9/Mines | Discovered new exit (range 6) 4776 | -9/Mines | Entered Materials 4776 | -8/Materials | Evolved 4 slots: Propulsion x1, Utility x2, Weapon x1 5230 | -8/Materials | Garrison activated, responded to threat 5330 | -8/Materials | Lost 4 parts (1p2u1w) 5384 | -8/Materials | Garrison activated, responded to threat 5389 | -8/Materials | Core integrity fell below 50% 5398 | -8/Materials | Core integrity fell below 20% 5404 | -8/Materials | Destroyed self with Rocket Launcher Last Messages --------------- Imp. Weapon Shielding destroyed. U-05 Engineer lays Concrete. Overheating: System interference. Imp. Light Cannon temporarily disabled. Hvy. Particle Gun temporarily disabled. U-05 Engineer lays Concrete. Penetrated by Slug. Broken Adv. Treads destroyed. U-05 Engineer lays Concrete. Broken Pulse Rifle destroyed. Critical hit (Burn: +37). Overheating: Core damaged (-104). U-05 Engineer lays Concrete. Imp. Light Cannon destroyed. Acquired Rocket Launcher. U-05 Engineer lays Concrete. S-10 Pest destroyed. Acquired Lgt. Assault Rifle. G-47 Trooper destroyed. R-06 Scavenger destroyed. Map ----- +----------------------------------------------------+ | ?????????????????????????????????? | | ?????????????????????????????????? | | ?????????????????????????????????? | | ?????????????????????????????????? | | ?????????????????????????????????? | | ?????????????????????????????????? | | ?????????????????????????????????? | | ?????????????????????????????????? | | ?????????????????????????????????? | | ?????????????????????????????????? | | ????????????????" ""?????????????? | | ???????????????? S?????????????? | | ???????????????] ""?????????????? | | ??????????????? "??????????????? | | ???????###????]] #??????????????? | | ?????### ####?]o #??????????????? | | ??#### # ]] #??????????????? | | ?## % # #??????????????? | | ?#" "" # =???????????????? | | ?#T "" #;###?????#??????##? | | ?#" "" % T ???????????? ? | | ??# =[%%=[ ?????????????? ?? | | ??# ![h=g%% ?????????????? ?? | | ?## *%[ #!=???????????""" ?? | | ??# ! = #[ ?????????? ?+ | | #?# @=##? ??"??? ??? """ ??? | | #?#######s#### ?""""?? ???""" ??? | | ???# # ?"""""??????"" ??# | | ???# """s # """"" ????? ??? | | ???# "G """ # """ ?####"###? | | ???# """ """ # ### ## | | ?#?# """ # | | #??# u # ##?## ! = | | ???#/ # #??## w ! * *! | | ???# % + ######+#+###! = !"# | | ???### +### ## ##=% ### | | ######### % % / ## # | | # # ##### ## # | | # """ # #???# # + | | # """""# #???########### | | # """""# ##????????????? ### | | # """""# #?????????#???? ### | | #= """ # #??????#???#### # | | # + #######??###!! # | | # # ## T #??#?#!! # [ | | ######### ## ###?##!! + | | ???##??# [ # #???##!! # | | ???????# % # ##?#?#]] # | | ???#?#?# + #??#?#]] ### | | ????#### # #?######## #?? | +----------------------------------------------------+ Best States ------------- Heat Dissipation 31 Energy Generation 14 Energy Capacity 250 Matter Stores 300 Matter Capacity 400 Sight Range 18 Terrain Scan Range 16 Terrain Scan Density 10 Armor Coverage 150 Weapon Shielding 66 Evasion (%) 50 Recoil Reduction 3 Salvage Targeting 1 Item Schematics ----------------- None Robot Schematics ------------------ None Fabricated ------------ Nothing Alien Tech Used ----------------- None Achievements -------------- Exterminator Killing Spree Let's See Who's Tougher Troublemaker Challenges ------------ None Game ------ Seed ChargePotentialTerrabomb Manual? 0 Play Time 00:40:08 Cumulative 4.1 hours Start 2024.03.31 @ 19:36:09 End 2024.03.31 @ 20:15:42 Sessions 1 Manual Loads 0 Difficulty Rogue Special Mode None Game No. 10 Rogue 10 Adventurer 0 Explorer 0 Win Type - Total 0 Types 0/0/0/0/0/0/0/0/0 Lore% 5 Gallery% 7 Achievement% 8 Wizard Run 0 Options --------- Layout 1 ASCII 0 Keyboard 0 Movement Mouse Keybinds 0 Fullscreen 1 Font 24/Smallcaps Map View 50x35 Zoom Use 0% Tactical HUD 0 Map Filters NONE Filters NONE Steam 1 RUN: 2e3ae581-22b2-4a75-8a17-41da8064415d